Map: Central Protocol

Players

Frozzen - Winner!

  • Race: Zerg Zerg

DSILetUWin

  • Race: Terran Terran
  • League: Silver

VOD

Have the link to the VOD?

Description

Time

  • Played on: Nov. 13, 2015, 11:28 a.m.
  • Length: 13:00
Show
View Real Time Build Order
Export as new Build Order

Frozzen Zerg - Winner!

Build Orders: Hatch First, Muta Ling Bane 

Get SALT Encoding   

  12  0:00  Drone  
  13  0:13  Overlord  
  13  0:21  Drone  
  14  0:31  Drone x2  
  16  0:37  Drone  
  17  0:55  Hatchery  
  16  0:58  Drone  
  16  0:59  Drone  
  18  1:07  Drone  
  19  1:17  Spawning Pool  
  18  1:19  Drone  
  19  1:33  Drone  
  20  1:41  Drone  
  21  1:50  Overlord  
  21  2:02  Extractor  
  21  2:04  Queen  
  21  2:07  Queen  
  24  2:08  Zergling x4  
  24  2:11  Drone  
  27  2:18  Drone  
  28  2:25  Zergling x2  
  28  2:29  Drone  
  30  2:33  Drone  
  31  2:40  Overlord  
  31  2:43  Drone, Queen  
  34  2:52  Drone  
  34  2:54  Drone  
  36  3:00  Extractor  
  36  3:02  Drone  
  36  3:07  Drone  
  37  3:13  Drone x2  
  37  3:14  Drone x2  
  37  3:16  Metabolic Boost  
  37  3:18  Drone x2  
  37  3:19  Overlord x2  
  43  3:26  Drone  
  44  3:31  Baneling Nest  
  43  3:37  Drone  
  43  3:40  Drone x2  
  46  3:45  Lair  
  46  3:46  Drone x2  
  46  3:47  Drone  
  46  3:48  Drone x3  
  52  3:50  Extractor  
  52  3:52  Drone  
  52  3:53  Extractor  
  51  3:58  Drone  
  51  4:00  Drone  
  53  4:05  Overlord  
  53  4:11  Hatchery  
  52  4:19  Drone x3  
  52  4:21  Overlord  
  55  4:31  Zergling x8  
  55  4:34  Baneling x3  
  58  4:40  Zergling x4  
  58  4:44  Overseer, Zergling x2  
  61  4:56  Hatchery  
  61  4:59  Zergling x2  
  61  5:00  Zergling x8  
  61  5:04  Spire  
  64  5:07  Centrifical Hooks  
  64  5:08  Zergling x2  
  64  5:09  Zergling x2  
  64  5:11  Overlord  
  66  5:22  Zergling x12  
  72  5:31  Baneling x11  
  72  5:32  Baneling  
  72  5:40  Overlord x2  
  72  5:41  Zergling x2  
  72  5:42  Zergling x2  
  67  6:10  Zergling x2  
  61  6:11  Zergling x22  
  61  6:16  Drone  
  61  6:17  Drone, Zerg Flyer Weapons Level 1  
  68  6:26  Mutalisk  
  68  6:27  Mutalisk x4  
  68  6:28  Mutalisk  
  78  6:35  Drone  
  78  6:36  Drone  
  78  6:37  Drone x3  
  82  6:57  Queen  
  82  6:58  Extractor  
  82  6:59  Drone  
  82  7:00  Drone  
  82  7:01  Drone x3, Extractor  
  87  7:02  Drone x3  
  87  7:03  Mutalisk x2  
  87  7:06  Zergling x2  
  87  7:07  Zergling x2  
  96  7:14  Evolution Chamber x2  
  94  7:24  Baneling  
  94  7:25  Baneling x7  
  94  7:33  Mutalisk x3  
  100  7:38  Zergling x8  
  100  7:47  Mutalisk x2  
  100  7:50  Baneling  
  100  7:51  Baneling x2  
  103  7:53  Overlord x2  
  103  7:54  Overlord x2  
  91  8:26  Zerg Ground Armor Level 1, Zerg Melee Weapons Level 1  
  88  8:29  Drone x6, Infestation Pit  
  88  8:31  Drone x4  
  88  8:32  Drone x4  
  88  8:34  Zerg Flyer Armor Level 1  
  101  8:36  Mutalisk  
  101  8:39  Zergling x14  
  101  8:40  Zergling x4  
  112  8:49  Zergling x8  
  112  8:50  Zergling x4  
  118  9:10  Pathogen Glands  
  118  9:11  Hive  
  118  9:14  Baneling  
  118  9:15  Zergling x2, Baneling x6  
  118  9:16  Zergling x20  
  125  9:44  Zergling x2  
  125  9:45  Zergling x32  
  132  9:58  Mutalisk  
  132  9:59  Mutalisk  
  135  10:05  Overlord x3  
  135  10:06  Overlord  
  128  10:16  Infestor x4  
  132  10:23  Ultralisk Cavern  
  132  10:24  Adrenal Glands  
  125  10:30  Spore Crawler  
  125  10:33  Spine Crawler  
  125  10:34  Spine Crawler  
  122  10:38  Overlord x3  
  122  10:46  Drone x3  
  125  10:52  Mutalisk  
  125  10:53  Mutalisk x2  
  131  11:18  Chitinous Plating  
  131  11:20  Ultralisk x3  
  131  11:22  Zergling x2  
  131  11:23  Zergling x34  
  167  11:39  Baneling  
  167  11:40  Baneling x2  
  167  11:41  Baneling x3  
  167  11:44  Baneling x3  
  167  11:59  Ultralisk  
  173  12:12  Roach Warren  
  172  12:17  Hatchery  
  172  12:20  Hatchery  
Show
View Real Time Build Order
Export as new Build Order

DSILetUWin Terran 

Build Orders: Command Center First (CC) 

Get SALT Encoding   

  12  0:02  SCV  
  13  0:22  SCV  
  14  0:34  SCV  
  15  0:56  Command Center  
  15  1:08  Supply Depot  
  15  1:30  SCV  
  15  1:32  Barracks  
  16  1:42  SCV  
  17  1:56  Command Center  
  17  2:00  SCV  
  18  2:12  SCV, Barracks  
  19  2:24  SCV  
  19  2:25  Supply Depot  
  19  2:26  Marine  
  21  2:36  SCV  
  22  2:43  Marine  
  23  2:48  Barracks  
  23  2:55  SCV  
  23  2:58  SCV  
  25  3:01  Refinery  
  25  3:09  SCV  
  25  3:10  Barracks  
  26  3:13  SCV  
  27  3:21  SCV  
  27  3:25  SCV x2  
  30  3:33  SCV  
  31  3:37  SCV x2  
  31  3:39  Marine  
  31  3:40  Marine  
  35  3:43  Marine  
  35  3:45  SCV  
  37  3:53  SCV, Refinery  
  38  3:56  SCV  
  38  3:59  Marine x2  
  38  4:01  Barracks Reactor  
  41  4:04  SCV  
  41  4:05  SCV  
  41  4:08  SCV, Engineering Bay  
  44  4:11  Engineering Bay  
  44  4:16  SCV  
  45  4:17  SCV  
  45  4:20  SCV  
  46  4:36  SCV  
  46  4:38  Barracks Reactor  
  47  4:48  SCV  
  47  4:49  Barracks Reactor  
  47  4:50  Supply Depot  
  48  4:54  Planetary Fortress  
  47  5:06  Refinery  
  47  5:09  Refinery  
  47  5:12  SCV  
  48  5:19  Missile Turret  
  48  5:28  Missile Turret  
  48  5:30  Missile Turret, Marine x3  
  48  5:31  Marine x4  
  48  5:32  Missile Turret  
  55  5:47  SCV  
  55  5:48  Supply Depot, Marine x3  
  55  5:49  Marine x3  
  59  5:52  Marine  
  59  5:59  SCV  
  59  6:00  Planetary Fortress  
  60  6:06  Marine x3  
  60  6:07  Marine  
  60  6:09  Marine  
  60  6:10  Marine  
  63  6:11  SCV  
  55  6:24  SCV, Marine x4  
  53  6:27  Marine  
  53  6:28  Marine  
  53  6:36  SCV  
  54  6:40  SCV  
  54  6:42  Marine x4  
  54  6:45  Marine x2  
  61  6:48  SCV, Supply Depot  
  61  6:52  SCV  
  63  6:59  Marine  
  63  7:00  Marine x3  
  67  7:02  Marine  
  67  7:03  Terran Infantry Weapons Level 1, Marine  
  69  7:17  Missile Turret, Marine x2  
  69  7:18  Marine x2  
  69  7:20  Marine  
  69  7:21  Marine  
  68  7:35  Marine x3  
  68  7:36  Marine  
  72  7:38  Marine  
  72  7:39  Marine  
  42  7:53  Marine x4  
  42  7:56  Marine  
  42  7:57  Marine  
  48  8:11  Marine x3  
  50  8:13  Missile Turret x2  
  43  8:20  SCV  
  44  8:32  SCV  
  45  8:44  SCV  
  45  8:46  Marine x6  
  49  8:56  SCV  
  50  9:04  Marine x6  
  50  9:06  Command Center  
  56  9:11  Terran Infantry Armor Level 1  
  56  9:14  Command Center  
  56  9:15  Barracks  
  56  9:21  Marine  
  56  9:22  Marine x5  
  62  9:29  Missile Turret  
  62  9:35  Missile Turret  
  59  9:49  Marine x2  
  59  9:50  Marine x4  
  51  10:07  Marine x3  
  51  10:08  Marine x3  
  51  10:12  SCV  
  58  10:24  SCV  
  58  10:25  Marine x3  
  58  10:28  Barracks Tech Lab  
  62  10:36  Supply Depot  
  62  10:40  Supply Depot  
  62  10:41  Supply Depot  
  62  10:47  Stimpack  
  62  11:02  SCV, Marine x5  
  62  11:03  Missile Turret  
  68  11:16  SCV  
  69  11:25  Missile Turret  
  69  11:26  Factory  
  69  11:28  SCV  
  70  11:36  Factory  
  70  11:47  Missile Turret  
  70  12:03  Missile Turret  
  70  12:08  Marine  
  71  12:20  Missile Turret  
  71  12:24  Missile Turret  
  71  12:37  Marine x5  
  71  12:42  Marine  
  30  12:45  Missile Turret  
Tags
 
Add a new tag
Caveats
  • Supply blocks, unpowered buildings, or Contaminate may cause inaccurate times.
  • Supply counts are checked every 10 seconds.